woodfighter, neutral female human Healer ------- -------- ----- |.....| ---......--- |...+# |...*.| #...........| ------------ #.<..|# |......########|..........|)########## |..........-# ###|...|# ----.-- |...{......|) -----|------ |>*........|# # |...|# ### ---......---% ##...[.....%%| |..........|### |...|# `% --------#%# # |..[%.%%.%%| ---|--------# # -----# ######################### ### |.%.%%..%).| # ## ### # # # # ---)-------- # # # ######## ## ## ) ######### ### # #q` # . -- -.---|-# # # # @ #.........#################......|) ### -|-----# ###|.......| |.....|# # |.....|# #........| |.....|[ -----|-- |.....|# |.......| |..{..|# |...)..| |.....|# |.......| ---...| |......| |......# --------- ----- |..(...| ------- -------- woodfighter the Embalmer Experience level: 7 Strength: 12 Dexterity: 13 Constitution: 14 Intelligence: 10 Wisdom: 17 Charisma: 16 Health: 0(53) Energy: 69(69) Def: 5 Gold: 56 Moves: 5783 Dungeon seed: _qT5_KOdYjXI6Guo Game ID: woodfighter_1509276807 Your Inventory: Coins $ - 56 gold pieces Amulets y - an uncursed amulet of magical breathing C - a cursed amulet versus poison (being worn) O - a cursed amulet of strangulation Weapons a - a +0 dwarvish spear (weapon in hand) G - 16 blessed +3 darts (in quiver) K - 3 cursed -1 darts L - 7 cursed -2 darts P - 3 +0 darts T - a cursed -1 knife Armor e - an uncursed +1 pair of leather gloves (being worn) W - an uncursed +0 dwarvish cloak (being worn) Y - an uncursed +0 mummy wrapping Comestibles k - 6 blessed eucalyptus leaves o - an uncursed apple u - 5 uncursed tripe rations D - 2 uncursed sprigs of wolfsbane Scrolls H - an uncursed scroll of stinking cloud I - a cursed scroll of light M - an uncursed scroll of create monster Potions J - an uncursed potion of water Wands g - a wand of sleep (0:6) N - a wand of make invisible (0:4) Tools b - a cursed stethoscope s - an uncursed bag of holding E - an uncursed towel Contents of the bag of holding: 621 gold pieces Spells and supernatural/magical abilities: Name Level Category Fail Memory h - healing 1 healing 0% 72% x - extra healing 3 healing 20% 72% S - stone to flesh 3 healing 35% 72% W - pray for help -- divine ? -- Your skills at the end: Miscellaneous Skills wands [Basic] Weapon Skills knife [Basic] spear [Basic] Spellcasting Skills healing spells [Basic] Final Attributes: You were devoutly aligned. You were poison resistant. You saw invisible. You were telepathic. You were very stealthy. You were protected. You were fast. You are dead. Vanquished creatures: a large mimic a small mimic 2 giant beetles a leprechaun a quivering blob an ice vortex a gnome king 2 dingos a raven a plains centaur 2 gnome mummies a snake a human zombie 4 bugbears 4 Mordor orcs 5 Uruk-hai 2 fog clouds a violet fungus 11 gnome lords 6 gnomish wizards a straw golem a paper golem a floating eye a kitten 10 dwarves a homunculus 2 kobold lords an iguana 4 hill orcs a rabid rat a jitterbug a giant bat 4 orc zombies 4 dwarf zombies a wererat 2 werejackals 3 hobbits an acid blob a large kobold 5 geckos 13 hobgoblins a giant rat a cave spider a red mold 29 gnomes a garter snake a gnome zombie 15 jackals a fox 4 kobolds 6 newts a goblin 2 sewer rats 3 grid bugs 3 lichens 4 kobold zombies 181 creatures vanquished. Voluntary challenges: You did not cause conflict. You were not invisible. You did not have reflection. You were not displaced. You had been an atheist until turn 2512. You used a wielded weapon 508 times, starting on turn 6. You did not apply a unicorn horn. You did not use plumbed fixtures. You did not drink any magical draughts. You read items or engraved 1 time, starting on turn 4507. You never genocided any monsters. You never polymorphed an object. You changed form 1 time, starting on turn 3237. You used no wishes. You never split a pudding. You never wrote Elbereth's name. You never violated your personal moral code. Dungeon overview: The Dungeons of Doom: levels 1 to 8 Level 1 a long staircase Level 2 a potion shop, a fountain Level 3 a potion shop, a sink stairs to The Gnomish Mines Level 4 Level 5 a fountain Level 6 Level 7 (box) <- You were here some fountains Level 8 The Gnomish Mines: levels 4 to 7 Level 4 stairs to The Dungeons of Doom Level 5 Level 6 Level 7 many shops, a temple to Poseidon, a magic chest, some fountains History has recorded: On T:1 you entered the Dungeons of Doom to retrieve the Amulet of Yendor! On T:47 you reached level 2 of The Dungeons of Doom. On T:450 you reached level 3 of The Dungeons of Doom. On T:584 you advanced to experience level 2. On T:1036 you reached level 1 of The Gnomish Mines. On T:1100 you reached level 4 of The Dungeons of Doom. On T:1227 you advanced to experience level 3. On T:1386 you advanced to experience level 4. On T:1447 you reached level 2 of The Gnomish Mines. On T:1763 you advanced to experience level 5. On T:2166 you reached level 3 of The Gnomish Mines. On T:2512 you prayed to Hermes. On T:2625 you advanced to experience level 6. On T:3096 you reached level 4 of The Gnomish Mines. On T:3237 you prayed to Hermes. On T:3650 you entered the Minetown temple On T:3662 you opened a magic chest. On T:4127 you reached level 5 of The Dungeons of Doom. On T:4354 you reached level 6 of The Dungeons of Doom. On T:4626 you prayed to Hermes. On T:4667 you reached level 7 of The Dungeons of Doom. On T:4816 you advanced to experience level 7. On T:5305 you reached level 8 of The Dungeons of Doom. On T:5642 you prayed to Hermes. Score breakdown: Gold: 0 ( 0 points) Experience: 7 levels ( 600 points) Exploration: 8 levels ( 210 points) Discoveries: 24 items ( 1200 points) Variety of kills: 56 monsters ( 2000 points) Major goal: reached Minetown ( 500 points) Survival: died (score multiplied by 3) Total score: 13530 Latest messages: The jitterbug is moderately wounded. The jitterbug displaces you! Where do you want to travel to? You stop travelling. The jitterbug bites! You jab the jitterbug. The jitterbug is horribly wounded. The jitterbug bites! You hear the footsteps of a guard on patrol. You miss the jitterbug. The jitterbug bites! Where do you want to travel to? You stop travelling. You jab the orc zombie. The orc zombie is lightly wounded. You jab the orc zombie! The orc zombie is heavily wounded. Kitty bites the orc zombie. The orc zombie is destroyed! You see here an orc corpse. Where do you want to travel to? You stop travelling. The mumak butts! You die... Final status: Goodbye woodfighter the Healer, killed by a mumak... You died in The Dungeons of Doom on dungeon level 7 with 13530 points, and 677 pieces of gold, after 5783 moves. You were level 7 with a maximum of 53 hit points when you died.